 Dungeon Crawl Stone Soup version 0.31-a0-331-geda263fcf1 (webtiles) character file.

Game seed: 4772011153920970300

571 peeeep the Trooper (level 7, -4/64 HPs)
             Began as a Minotaur Berserker on July 20, 2023.
             Was a Priest of Trog.
             Slain by an ogre
             ... wielding a +0 giant club
              (21 damage)
             ... on level 5 of the Dungeon.
             The game lasted 00:04:56 (3507 turns).

peeeep the Trooper (Minotaur Berserker)             Turns: 3507, Time: 00:04:57

Health: -4/64      AC: 11    Str: 24    XL:     7   Next: 12%
Magic:  6/6        EV:  9    Int:  4    God:    Trog [***...]
Gold:   146        SH:  0    Dex:  9    Spells: 6/6 levels left

rFire   . . .        a - +0 hand axe
rCold   . . .        (no shield)
rNeg    . . .        c - +0 chain mail
rPois   .            (helmet restricted)
rElec   .            (no cloak)
rCorr   .            g - +0 pair of gloves
SInv    .            (no boots)
Will    .....        (no amulet) Stlth
                     (no ring)
HPRegen 0.30/turn    (no ring)
MPRegen 0.10/turn

%: no passive effects
@: no status effects
A: horns 2, retaliatory headbutt
a: Renounce Religion, Berserk, Trog's Hand


You were on level 5 of the Dungeon.
You worshipped Trog.
Trog was most pleased with you.
You visited 1 branch of the dungeon, and saw 5 of its levels.

You collected 146 gold pieces.

Inventory:

Hand Weapons
 a - a +0 hand axe (weapon)
Armour
 c - a +0 chain mail (worn)
 g - a +0 pair of gloves (worn)
Jewellery
 l - a ring of ice
Wands
 j - a wand of flame (12)
Scrolls
 b - 3 scrolls of identify {unknown}
 d - a scroll of vulnerability {unknown}
 e - a scroll of blinking {unknown}
 f - 2 scrolls of enchant armour {unknown}
 k - a scroll of enchant weapon {unknown}
 m - a scroll of teleportation {unknown}
 o - a scroll of noise {unknown}
Potions
 h - 2 potions of attraction {unknown}
 i - a potion of enlightenment {unknown}
 n - a potion of brilliance {unknown}


   Skills:
 + Level 6.4 Fighting
 + Level 6.3 Axes
 + Level 5.7 Armour
 - Level 2.1 Dodging


You had 6 spell levels left.
You didn't know any spells.
Your spell library was empty.

Dungeon Overview and Level Annotations

Branches:
Dungeon (5/15)             Temple (0/1) D:4

Altars:
Elyvilon
Okawaru
Qazlal
Wu Jian
Yredelemnul


Innate Abilities, Weirdness & Mutations

You have a pair of horns on your head.
You reflexively headbutt those who attack you in melee.


Message History

The gnoll hits you from afar with a +0 spear!
The scorpion stings you but does no damage.
You hit the scorpion. You headbutt the scorpion.
The scorpion is almost dead.
You feel sick. The scorpion stings you. The gnoll hits you but does no damage.
You slash the scorpion!
You kill the scorpion!
Trog accepts your kill.
You feel sick. The gnoll hits you but does no damage.
You feel sick. The gnoll hits you with a +0 spear!
You see here a scorpion corpse.
You hit the gnoll but do no damage. Your headbutt misses the gnoll.
You feel sick. The gnoll hits you with a +0 spear.
You hit the gnoll.
The gnoll is heavily wounded.
You feel sick. The gnoll hits you with a +0 spear.
You hit the gnoll.
The gnoll is severely wounded.
You feel sick.
You are no longer poisoned.
The gnoll closely misses you.
An ogre comes into view. It is wielding a +0 giant club.
You barely miss the gnoll.
The gnoll is severely wounded.
The ogre shouts!
The gnoll hits you with a +0 spear.
You hit the gnoll.
The gnoll is almost dead.
The gnoll barely misses you.
You barely miss the gnoll.
The gnoll is almost dead.
The gnoll hits you with a +0 spear.
* * * LOW HITPOINT WARNING * * *
Okay, then.
You slash the gnoll!
You kill the gnoll!
Trog accepts your kill.
You barely miss the ogre.
The ogre hits you with a +0 giant club!!
You die...

. .# #. .. #.#
##.#####. ...
.........
#.##........
#..#>.......g..
#...........#
#.#####.# .#
#.....)@###.#.#
#######.O)....#
#####.### .# ..
..# ... ..##
...


You could see an ogre.

Vanquished Creatures
  Duvessa (D:4)
  2 scorpions
  Dowan (D:4)
  The ghost of spaghetti the Shooter, a weakling DgHu (D:3)
  A howler monkey (D:4)
  A jelly (D:4)
  A hound (D:4)
  Ijyb (D:3)
  4 gnolls
  5 adders
  A dart slug (D:2)
  2 orcs
  4 endoplasms
  A giant cockroach (D:1)
  12 goblins
  6 hobgoblins
  4 jackals (D:3)
  5 kobolds
  A quokka (D:4)
  8 ball pythons
  6 bats
  2 frilled lizards (D:3)
  2 rats
72 creatures vanquished.

Notes
Turn   | Place    | Note
-------+----------+-------------------------------------------
     0 | D:1      | peeeep the Minotaur Berserker began the quest for the Orb.
     0 | D:1      | Reached XP level 1. HP: 19/19 MP: 0/0
   267 | D:1      | You fall into a shaft and drop 1 floor!
   309 | D:2      | Reached XP level 2. HP: 27/27 MP: 1/1
   737 | D:1      | Reached XP level 3. HP: 31/33 MP: 2/2
   885 | D:2      | Reached ** piety under Trog
   931 | D:2      | Found a faded altar of an unknown god.
  1620 | D:3      | Found an ornate altar of the Wu Jian Council.
  1620 | D:3      | Noticed Ijyb
  1634 | D:3      | Killed Ijyb
  1635 | D:3      | Reached XP level 4. HP: 34/41 MP: 3/3
  1684 | D:3      | Noticed spaghetti's ghost (weakling DgHu)
  1686 | D:3      | Found a transporter.
  1689 | D:3      | Found a transporter.
  2031 | D:3      | Found a white marble altar of Elyvilon.
  2169 | D:3      | Found an iron altar of Okawaru.
  2462 | D:3      | Killed spaghetti's ghost
  2463 | D:3      | Reached skill level 5 in Fighting
  2463 | D:3      | Reached skill level 5 in Axes
  2463 | D:3      | Reached XP level 5. HP: 24/48 MP: 4/4
  2744 | D:4      | Reached XP level 6. HP: 55/57 MP: 5/5
  2783 | D:4      | Found a staircase to the Ecumenical Temple.
  2829 | D:4      | Found a stormy altar of Qazlal.
  2957 | D:4      | Found a basalt altar of Yredelemnul.
  2972 | D:4      | Reached *** piety under Trog
  2973 | D:4      | Reached skill level 5 in Armour
  3281 | D:4      | Noticed Duvessa
  3281 | D:4      | Noticed Dowan
  3290 | D:4      | Killed Dowan
  3292 | D:4      | Killed Duvessa
  3395 | D:5      | Entered Level 5 of the Dungeon
  3423 | D:4      | Reached XP level 7. HP: 43/64 MP: 6/6
  3507 | D:5      | Slain by an ogre

Illustrated notes

Levels and vault maps discovered:
D:1:      ebering_hopf_link, layout_basic
D:2:      layout_basic, hellmonk_ecumenical_altar_heavens_door,
          grunt_ministairs_12, minivault_24, chequers_serial_rivers_room_a,
          patterned_corridor
D:3:      layout_basic, mainiacjoe_overflow_alcove_1,
          nicolae_wu_jian_immortal_techniques, mainiacjoe_overflow_paths,
          gammafunk_ghost_arena, hangedman_abyss_or_decor_stabs,
          minmay_goblin_kobold_house, uniq_ijyb
D:4:      layout_basic, mainiacjoe_overflow_surrounded_room,
          nicolae_qazlal_general_emergency, minmay_temple_entry_grid,
          serial_curves, eino_curves_02, eino_curves_04,
          nicolae_elevator_lobby_plus, uniq_duvessa
D:5:      layout_loops_cross, lemuel_tele_altar, uniq_grinder, uniq_pikel

Skill      XL: |  1  2  3  4  5  6 |
---------------+-------------------+-----
Fighting       | 4 5 6 |  6.4
Axes           | 4 5 6 |  6.3
Armour         | 3 4 5 |  5.7
Dodging        | |  2.1

Action                     |  1- 3 |  4- 6 |  7- 9 || total
---------------------------+-------+-------+-------++-------
  Melee: Hand axe          |    63 |    99 |    12 ||   174
         Headbutt          |     8 |    15 |     1 ||    24
         Punch             |     1 |     1 |       ||     2
 Invoke: Berserk           |       |     1 |       ||     1
 Armour: Chain mail        |    33 |    63 |     5 ||   101
  Dodge: Dodged            |    30 |    52 |     4 ||    86

Table legend: (Time is in decaauts)
 A = Elapsed time spent in this place.
 B = Non-inter-level travel time spent in this place.
 C = Inter-level travel time spent in this place.
 D = Time resting spent in this place.
 E = Time spent auto-exploring this place.
 F = Levels seen in this place.
 G = Mean time per level.
                   A        B        C        D        E       F      G
               +--------+--------+--------+--------+--------+-----+--------+
         Total |   3529 |   3379 |    150 |     69 |   2760 |   5 |  705.8 |
       Dungeon |   3529 |   3379 |    150 |     69 |   2760 |   5 |  705.8 |
               +--------+--------+--------+--------+--------+-----+--------+

Top non-repeatable levels by time:
     D:3: 1051 daAuts
     D:4: 929 daAuts
     D:2: 829 daAuts
     D:1: 690 daAuts
     D:5: 29 daAuts
